 Dungeon Crawl Stone Soup version 0.29-a0-283-ga02f740833 (webtiles) character file.

Game seed: 4353556903590080825

2923 enile the Chopper (level 9, -5/64 HPs)
             Began as an Octopode Brigand on Mar 13, 2022.
             Was an Initiate of Gozag.
             Killed from afar by an orc wizard (15 damage)
             ... with a puff of flame
             ... on level 7 of the Dungeon.
             The game lasted 00:18:31 (9677 turns).

enile the Chopper (Octopode Brigand)                Turns: 9677, Time: 00:18:31

Health: -5/64      AC:  1    Str: 10    XL:     9   Next: 79%
Magic:  5/10       EV: 15    Int: 17    God:    Gozag
Gold:   876        SH:  0    Dex: 14    Spells: 3/10 levels left

rFire   x . .      SeeInvis .   r - +2 broad axe (freeze)
rCold   + . .      Faith    .   (no shield)
rNeg    . . .      Spirit   .   (helmet restricted)
rPois   .          Reflect  .   (no amulet)
rElec   .          Harm     .   n - ring of ice
rCorr   .          Rampage  .   (no ring)
Will    .....                   (no ring)
Stlth   ++++......              (no ring)
HPRegen 0.20/turn               (no ring)
MPRegen 0.12/turn               (no ring)
                                (no ring)
                                (no ring)

@: lethally poisoned (-5 -> -7), about to teleport, on blink cooldown
A: almost no armour, amphibious, 8 rings, camouflage 1, gelatinous body 1,
(nimble swimmer 1), tentacles
a: Renounce Religion, Potion Petition, Call Merchant, Bribe Branch


You were on level 7 of the Dungeon.
You worshipped Gozag.
Gozag was pleased with you.
You visited 1 branch of the dungeon, and saw 7 of its levels.
You also visited: Sewer.

You collected 1143 gold pieces.
You paid 267 gold pieces to Gozag.

Inventory:

Hand Weapons
 a - a +2 dagger
 o - a +2 vorpal war axe
 r - a +2 broad axe of freezing (weapon)
Missiles
 b - 11 poisoned darts (quivered)
 c - 6 curare-tipped darts
Jewellery
 n - a ring of ice (left tentacle)
Wands
 m - a wand of iceblast (8)
 s - a wand of mindburst (16)
 v - a wand of paralysis (4)
 y - a wand of charming (14)
 B - a wand of flame (17)
Scrolls
 d - a scroll of fear
 e - 4 scrolls of identify
 i - a scroll of torment
 k - a scroll of enchant armour
 p - 3 scrolls of noise
 q - a scroll of enchant weapon
 z - a scroll of holy word
 A - a scroll of teleportation
 C - a scroll of magic mapping
Potions
 f - 3 potions of haste
 g - 3 potions of attraction
 h - 2 potions of brilliance
 j - a potion of berserk rage
 l - a potion of flight
 w - a potion of curing
 x - a potion of mutation


   Skills:
 - Level 7.0 Fighting
 - Level 2.2 Short Blades
 - Level 7.0 Axes
 - Level 3.0 Throwing
 - Level 6.0 Dodging
 - Level 6.0 Stealth
 - Level 1.0 Spellcasting
 + Level 2.9 Translocations
 - Level 2.1 Fire Magic
 - Level 4.0 Evocations


You had 3 spell levels left.
You knew the following spells:

 Your Spells              Type           Power      Damage    Failure   Level
a - Scorch                Fire           16%        2d6       14%         2
b - Blink                 Tloc           20%        N/A       10%         2
c - Inner Flame           Hex/Fire       4%         N/A       38%         3

Your spell library contained the following spells:

 Spells                   Type           Power      Damage    Failure   Level
 Lesser Beckoning         Tloc           10%        N/A       19%         3
 Shock                    Conj/Air       0%         1d3       22%         1
 Static Discharge         Conj/Air       0%         N/A       32%         2
 Ignite Poison            Fire/Tmut/Pois 3%         N/A       43%         3
 Call Canine Familiar     Summ           0%         N/A       54%         3
 Mephitic Cloud           Conj/Pois/Air  0%         N/A       54%         3
 Swiftness                Air            0%         N/A       54%         3
 Flame Wave               Conj/Fire      4%         2d5       80%         4
 Manifold Assault         Tloc           10%        N/A       87%         5
 Airstrike                Air            0%         N/A       91%         4
 Summon Forest            Summ/Tloc      2%         N/A       97%         5
 Freezing Cloud           Conj/Ice/Air   0%         6-21      99%         5
 Lightning Bolt           Conj/Air       0%         1d11      99%         5
 Summon Cactus Giant      Summ           0%         N/A       100%        6
 Haunt                    Necr/Summ      0%         N/A       100%        7
 Maxwell's Capacitive Co  Air            0%         ∞         100%        8


Dungeon Overview and Level Annotations

Branches:
Dungeon (7/15)              Sewer (visited)
 Temple: D:4-7

Altars:
Gozag
Yredelemnul

Annotations:
D:4 1 runed translucent door, Eustachio


Innate Abilities, Weirdness & Mutations

You cannot wear most types of armour.
You are amphibious.
You can wear up to eight rings at the same time.
Your skin changes colour to match your surroundings (Stealth+).
Your rubbery body absorbs attacks. (AC +1, EV +1)
((You are camouflaged when in or above water. (Stealth+)))
You have tentacles for arms and can constrict up to eight enemies at once.


Message History

The water moccasin is lightly wounded.
You constrict the water moccasin.
You feel very sick. The water moccasin misses you.
The water moccasin bites you!
You hit the water moccasin.
The water moccasin seems to slow down.
You freeze the water moccasin. You squeeze the water moccasin.
The water moccasin is heavily wounded.
You constrict the water moccasin.
You feel very sick.
The orc wizard gestures wildly while chanting.
The orc wizard flickers and vanishes!
Deactivating autopickup; reactivate with Ctrl-A.
The water moccasin bites you!
Casting: Scorch (safe; 14% risk of failure)
Confirm with . or Enter, or press ? or * to list all spells.
You blink.
You lose your grip on the water moccasin.
An orc wizard and 2 orcs come into view.
Found Olicae's Volume of Transmigration and the Compass.
The orc wizard shouts!
The orc shouts!
You feel sick.
Casting: Blink (safe; 10% risk of failure)
Confirm with . or Enter, or press ? or * to list all spells.
Okay, then.
As you read the scroll of teleportation, it crumbles to dust.
You feel strangely unstable.
You feel sick.
The water moccasin is no longer moving slowly.
Something barely misses you.
Your magical contamination has completely faded away.
You feel sick. Something hits you.
* * * LOW HITPOINT WARNING * * *
The orc attacks as you move away! The orc hits you with a +0 dagger.
* * * LOW HITPOINT WARNING * * *
You feel sick.
You hear some strange, mumbled words.
A puff of flame appears from out of thin air!
The puff of flame hits you! The fire burns you terribly!
You die...
Your body crumbles into a pile of gold.

###### ## #..... ...
#..... .... #..... .....
#..... ......#######
#....> .......@....#
#..... .......o.o..#
#....[ ....:...o{S.#
#.....
........o...#######.....
..................#.....
##...........####...##.#
###.#######.# ###....#
#. #.# ##.... # #.#
#.###


You could see a water moccasin, an orc wizard and 3 orcs.

Vanquished Creatures
  Pikel (D:5)
  Menkaure (D:5)
  2 water moccasins
  Pargi (Sewer)
  A black bear (D:5)
  2 ogres
  5 phantoms
  2 lemures (D:5)
  Blork the orc (D:6)
  A bullfrog (D:6)
  3 scorpions
  4 wights (D:5)
  3 jellies
  A hound (D:4)
  Crazy Yiuf (D:6)
  7 orc priests
  A human skeleton (D:4)
  3 iguanas
  Ijyb (D:3)
  3 orc wizards (D:6)
  7 gnolls
  4 adders
  A shadow imp (D:6)
  2 white imps (D:7)
  An ufetubus (D:4)
  4 worms
  5 dart slugs
  29 orcs
  12 endoplasms
  5 giant cockroaches
  8 goblins
  5 hobgoblins
  4 jackals (D:1)
  9 kobolds
  7 quokkas
  4 ball pythons
  10 bats
  A frilled lizard (D:2)
  6 rats
168 creatures vanquished.

Vanquished Creatures (collateral kills)
  A necrophage (D:3)
1 creature vanquished.

Vanquished Creatures (others)
  A white imp (D:5)
1 creature vanquished.

Grand Total: 170 creatures vanquished

Notes
Turn   | Place    | Note
-------+----------+-------------------------------------------
     0 | D:1      | enile the Octopode Brigand began the quest for the Orb.
     0 | D:1      | Reached XP level 1. HP: 14/14 MP: 1/1
   314 | D:1      | Reached XP level 2. HP: 18/19 MP: 2/2
   928 | D:1      | Reached XP level 3. HP: 22/25 MP: 3/3
  1222 | D:2      | Found an opulent altar of Gozag.
  1239 | D:2      | Became a worshipper of Gozag Ym Sagoz the Greedy
  1383 | D:2      | Reached XP level 4. HP: 31/31 MP: 4/4
  2268 | D:3      | Noticed a necrophage
  2277 | D:3      | Killed a necrophage
  2278 | D:3      | Reached XP level 5. HP: 36/36 MP: 5/5
  2657 | D:3      | Noticed Ijyb
  2660 | D:3      | Paralysed by Ijyb for 7 turns
  3147 | D:3      | Found a faded altar of an unknown god.
  3229 | D:3      | Paralysed by Ijyb for 3 turns
  3234 | D:3      | Killed Ijyb
  3235 | D:3      | Reached XP level 6. HP: 23/42 MP: 6/6
  3727 | D:4      | Reached skill level 5 in Axes
  3727 | D:4      | Reached XP level 7. HP: 46/46 MP: 7/7
  3768 | D:4      | Found a runed translucent door.
  3768 | D:4      | Noticed a human
  4221 | D:4      | Found a basalt altar of Yredelemnul.
  4567 | D:4      | Noticed Eustachio
  4571 | D:4      | HP: 1/46 [something/puff of flame (8)]
  4577 | D:5      | Entered Level 5 of the Dungeon
  4761 | D:5      | Reached XP level 8. HP: 20/54 MP: 8/8
  4812 | D:5      | Found a glowing drain.
  4818 | D:5      | Reached skill level 5 in Fighting
  4854 | Sewer    | Entered a sewer
  4996 | Sewer    | Noticed Pargi
  5006 | Sewer    | Killed Pargi
  5187 | D:5      | Noticed Pikel
  5220 | D:5      | Noticed Menkaure
  5731 | D:6      | Noticed Blork the orc
  6039 | D:5      | Got the Almanac of the Fiery Entourage
  6168 | D:5      | Reached skill level 1 in Spellcasting
  6257 | D:5      | Killed Pikel
  6258 | D:5      | Reached XP level 9. HP: 40/62 MP: 10/10
  6261 | D:5      | Learned a level 2 spell: Scorch
  7298 | D:5      | Killed Menkaure
  7299 | D:5      | Reached skill level 1 in Fire Magic
  7565 | D:6      | HP: 2/93 [scorpion (5)]
  8074 | D:6      | Killed Blork the orc
  8323 | D:6      | Learned a level 2 spell: Blink
  8327 | D:6      | Learned a level 3 spell: Inner Flame
  8390 | D:6      | Found a runed translucent door.
  8391 | D:6      | Noticed Crazy Yiuf
  8407 | D:6      | Killed Crazy Yiuf
  8631 | D:6      | Reached skill level 1 in Translocations
  9120 | D:7      | Identified the +2 cloak of Existentialism {rN+ Str+2}
  9677 | D:7      | Killed from afar by an orc wizard

Illustrated notes

Levels and vault maps discovered:
D:1:      noname_arrival_rooms_in_the_neighbourhood, layout_basic
D:2:      layout_loops_cross, basic_altar
D:3:      layout_basic, hellmonk_ecumenical_altar_inner_sanctum, uniq_ijyb
D:4:      layout_basic, dk_yredelemnul_ordeal, uniq_eustachio
D:5:      layout_rooms, gup_sewer_entry_pipe, kennysheep_generic_room_15,
          uniq_menkaure, uniq_pikel
D:6:      layout_rooms, water_boxes_lemuel, uniq_blork_the_orc,
          uniq_crazy_yiuf_cottage
D:7:      layout_rooms, minmay_temple_entry_statues

Skill      XL: |  1  2  3  4  5  6  7  8  9 |
---------------+----------------------------+-----
Fighting       | 3 4 6 7 |  7.0
Dodging        | 2 3 4 6 |  6.0
Axes           | 2 3 5 6 7 |  7.0
Stealth        | 6 |  6.0
Throwing       | 3 |  3.0
Spellcasting   | 1 |  1.0
Evocations     | 2 4 |  4.0
Fire Magic     | 2 |  2.1
Translocations | 2 |  2.9
Short Blades   | |  2.2

Action                   |  1- 3 |  4- 6 |  7- 9 || total
-------------------------+-------+-------+-------++-------
Melee: Dagger            |    71 |    19 |       ||    90
       Constrict         |    13 |    13 |    36 ||    62
       Tentacles         |     6 |    17 |    41 ||    64
       Punch             |     1 |       |     6 ||     7
       War axe           |       |    54 |    77 ||   131
       Broad axe         |       |       |   107 ||   107
Throw: Dart              |     4 |    12 |    44 ||    60
       Throwing net      |       |       |     2 ||     2
 Cast: Scorch            |       |       |    17 ||    17
       Blink             |       |       |     1 ||     1
       Inner Flame       |       |       |     1 ||     1
Invok: Potion Petition   |       |       |     1 ||     1
Evoke: Wand              |       |       |     8 ||     8
  Use: Scroll            |       |     8 |    14 ||    22
       Potion            |       |       |     8 ||     8
 Stab: Sleeping          |     8 |    15 |    11 ||    34
       Invisible         |       |       |     1 ||     1
       Paralysed         |       |       |     3 ||     3
       Distracted        |       |       |     1 ||     1
Armor: Skin              |     4 |     1 |     5 ||    10
Dodge: Dodged            |    28 |    24 |   129 ||   181

Table legend: (Time is in decaauts)
 A = Elapsed time spent in this place.
 B = Non-inter-level travel time spent in this place.
 C = Inter-level travel time spent in this place.
 D = Time resting spent in this place.
 E = Time spent auto-exploring this place.
 F = Levels seen in this place.
 G = Mean time per level.
                   A        B        C        D        E       F      G
               +--------+--------+--------+--------+--------+-----+--------+
         Total |   9690 |   9390 |    300 |   1641 |   6216 |   8 | 1211.2 |
       Dungeon |   9494 |   9194 |    300 |   1641 |   6068 |   7 | 1356.3 |
         Sewer |    196 |    196 |      0 |      0 |    148 |   1 |  196.0 |
               +--------+--------+--------+--------+--------+-----+--------+

Top non-repeatable levels by time:
     D:6: 2548 daAuts
     D:5: 1849 daAuts
     D:4: 1281 daAuts
     D:1: 1193 daAuts
     D:3: 1177 daAuts
     D:2: 1115 daAuts
     D:7: 328 daAuts
   Sewer: 196 daAuts
